 Dungeon Crawl Stone Soup version 0.20.1-1-g8b1a95d (webtiles) character file.

28 Gargoyl the Skirmisher (level 3, -9/33 HPs)
             Began as a Minotaur Abyssal Knight on Aug 21, 2017.
             Was a Follower of Lugonu.
             Mangled by a gnoll
             ... wielding a +0 flail
              (12 damage)
             ... on level 2 of the Dungeon.
             The game lasted 00:03:41 (1345 turns).

Gargoyl the Skirmisher (Minotaur Abyssal Knight)    Turns: 1345, Time: 00:03:42

Health: -9/33      AC:  3    Str: 16    XL:     3   Next: 0%
Magic:  3/3        EV: 11    Int:  9    God:    Lugonu [*.....]
Gold:   87         SH:  0    Dex: 10    Spells: 2/2 levels left

rFire    . . .     SeeInvis .   a - +1 hand axe
rCold    + . .     Gourm    .   (no shield)
rNeg     . . .     Faith    .   b - +0 leather armour
rPois    .         Spirit   .   (helmet restricted)
rElec    .         Reflect  .   (no cloak)
rCorr    .         Harm     .   (no gloves)
MR       .....                  (no boots)
Stlth    +.........             (no amulet)
Regen    0.2/turn               f - ring of protection from cold
MPRegen  0.1/turn               (no ring)

@: no status effects
A: retaliatory headbutt, horns 2, blurry vision 1, wild magic 1
a: Depart the Abyss, Renounce Religion


You were on level 2 of the Dungeon.
You worshipped Lugonu.
Lugonu was aware of your devotion.
You were not hungry.

You visited 1 branch of the dungeon, and saw 2 of its levels.
You visited the Abyss 1 time.

You collected 87 gold pieces.

Inventory:

Hand Weapons
 a - a +1 hand axe (weapon)
Armour
 b - a +0 leather armour (worn)
Jewellery
 f - a ring of protection from cold (left hand)
Scrolls
 e - a scroll of blinking
 h - a scroll of fear {unknown}
 i - a scroll of remove curse {unknown}
 k - a scroll of identify {unknown}
Comestibles
 c - a bread ration
 d - 2 royal jellies
 j - a meat ration


   Skills:
 + Level 4.2 Fighting
 + Level 2.8 Axes
 * Level 2.9 Armour
 + Level 1.2 Dodging
 * Level 2.1 Invocations


You had 2 spell levels left.
You didn't know any spells.

Dungeon Overview and Level Annotations

Branches:
Dungeon (2/15)

Altars:


Innate Abilities, Weirdness & Mutations

You reflexively headbutt those who attack you in melee.
You have a pair of horns on your head.
Scrolls take you a little longer to read.
Your spells are a little harder to cast, but a little more powerful.


Message History

The gnoll hits you with a flail. The gnoll barely misses you.
You hit the gnoll.
The gnoll is moderately wounded.
The gnoll hits you with a flail.
The gnoll hits you from afar with a spear.
An adder comes into view.
You barely miss the gnoll.
The gnoll is moderately wounded.
The gnoll hits you from afar with a spear.
The gnoll hits you with a flail.
You hit the gnoll but do no damage.
The gnoll is moderately wounded.
The gnoll misses you. The gnoll hits you with a flail!
* * * LOW HITPOINT WARNING * * *
You barely miss the gnoll.
The gnoll is moderately wounded.
The gnoll hits you from afar with a spear.
* * * LOW HITPOINT WARNING * * *
The gnoll hits you with a flail!
You die... #... #.. #.. #gS

#g# #g# #g#
#######@# ..
........######.# ##
...............#
...
..........###..##.#
#########.#<#.....#
#.#.#.....#
#####.#'#.....#
#...........#
#.####......#


You could see 4 gnolls and an adder.

Vanquished Creatures
  An ooze (D:1)
  A leopard gecko (D:1)
  2 giant cockroaches (D:1)
  2 goblins (D:1)
  4 hobgoblins (D:1)
  3 jackals (D:1)
  2 kobolds (D:1)
  2 bats (D:1)
  2 frilled lizards (D:1)
  2 rats (D:1)
21 creatures vanquished.

Notes
Turn   | Place    | Note
-------+----------+-------------------------------------------
     0 | Abyss:1  | Gargoyl the Minotaur Abyssal Knight began the quest for the Orb.
     0 | Abyss:1  | Reached XP level 1. HP: 19/19 MP: 1/1
     0 | Abyss:1  | Found a blossoming altar of Fedhas.
     2 | Abyss:1  | Found a corrupted altar of Lugonu.
    39 | Abyss:2  | Noticed a quasit
    59 | Abyss:2  | Noticed a wraith
    63 | D:1      | Escaped the Abyss
   258 | D:1      | Gained mutation: Scrolls take you a little longer to read. [potion of mutation]
   258 | D:1      | Gained mutation: Your spells are a little harder to cast, but a little more powerful. [potion of mutation]
   354 | D:1      | Reached XP level 2. HP: 27/27 MP: 2/2
   394 | D:1      | Reached * piety under Lugonu
   394 | D:1      | Reached skill level 4 in Fighting
   946 | D:1      | Reached XP level 3. HP: 33/33 MP: 3/3
  1345 | D:2      | Mangled by a gnoll

Skill      XL: |  1  2 |
---------------+-------+-----
Invocations    | 2 |  2.1
Fighting       | 4 |  4.2
Axes           | |  2.8
Armour         | |  2.9
Dodging        | |  1.2

Action                   || total
-------------------------++-------
Melee: Hand axe          ||    40
       Headbutt          ||     6
Invok: Depart the Abyss  ||     1
  Use: Potion            ||     2
       Scroll            ||     1
  Eat: Chunk             ||     1
Armor: Leather armour    ||    22
Dodge: Dodged            ||    43
